 Dungeon Crawl Stone Soup version 0.20.1-1-g8b1a95d (webtiles) character file.

81 anonim77778 the Cudgeler (level 4, 48/48 HPs)
             Began as a Troll Berserker on Aug 13, 2017.
             Was a Follower of Trog.
             Starved to death
             ... while paralysed
             ... on level 3 of the Dungeon.
             The game lasted 00:21:50 (1853 turns).

anonim77778 the Cudgeler (Troll Berserker)          Turns: 1853, Time: 00:21:50

Health: 48/48      AC:  5    Str: 25    XL:     4   Next: 20%
Magic:  3/3        EV:  1    Int:  3    God:    Trog [*.....]
Gold:   64         SH:  0    Dex: 10    Spells: 3/3 levels left

rFire    . . .     SeeInvis .   a - +0 mace
rCold    + . .     Gourm    +   (no shield)
rNeg     . . .     Faith    .   j - +0 robe
rPois    .         Spirit   .   (helmet restricted)
rElec    .         Reflect  .   (no cloak)
rCorr    .         Harm     .   (gloves unavailable)
MR       +....                  (boots unavailable)
Stlth    +.........             C - amulet of regeneration
Regen    1.0/turn               f - ring of protection from magic
MPRegen  0.1/turn               h - ring of protection from cold

@: paralysed, about to teleport, fainting
A: unfitting armour, claws 3, fast metabolism 3, gourmand, regeneration 1,
robust 1, shaggy fur 1, tough skin 2, MP-powered wands
a: Berserk, Burn Spellbooks, Renounce Religion


You were on level 3 of the Dungeon.
You worshipped Trog.
Trog was aware of your devotion.
You were fainting.

You visited 1 branch of the dungeon, and saw 3 of its levels.

You collected 64 gold pieces.

Inventory:

Hand Weapons
 a - a +0 mace (weapon)
 d - a +0 club
 e - a +0 club
 i - a +0 spear
 k - a +0 short sword
 l - a +0 dagger
 n - a +0 club
 q - a +0 short sword
 r - a +0 club
 s - a +0 club
 t - a +0 whip
 v - a +0 club
 w - a +0 dagger
 y - a +0 club
 A - a +0 club
 F - a +0 short sword
 G - a cursed -3 spear
 L - a +0 rapier
Missiles
 x - 40 arrows
 z - 50 sling bullets
Armour
 b - a +0 animal skin
 c - a +0 chain mail
 g - a cursed +0 chain mail
 j - a +0 robe (worn)
 p - a +0 ring mail
 E - a +0 ring mail
Jewellery
 f - a ring of protection from magic (left claw)
 h - a ring of protection from cold (right claw)
 C - an amulet of regeneration (around neck)
Scrolls
 m - a scroll of immolation
 u - a scroll of enchant armour
 I - a scroll of recharging {unknown}
 J - a scroll of remove curse {unknown}
 K - a scroll of enchant weapon {unknown}
Potions
 H - a potion of agility


   Skills:
 + Level 2.8 Fighting
 + Level 3.6 Maces & Flails
 + Level 3.1 Dodging


You had 3 spell levels left.
You didn't know any spells.

Dungeon Overview and Level Annotations

Branches:
Dungeon (3/15)

Altars:


Innate Abilities, Weirdness & Mutations

You are too large for most types of armour.
You have claws for hands.
Your metabolism is lightning-fast.
You like to eat raw meat.
Your natural rate of healing is unusually fast.
You are covered in fur. (AC +1)
You have very tough skin. (AC +2)
You are robust. (+10% HP)
You expend magic power (3 MP) to strengthen your wands.


Message History

You feel forgetful for a moment.
As you read the scroll labeled HAFUITWEPUX, it crumbles to dust.
It is a scroll of enchant armour.
Really abort (and waste the scroll)? [Y]es or [N]o only, please.
Really abort (and waste the scroll)? [Y]es or [N]o only, please.
Really abort (and waste the scroll)? [Y]es or [N]o only, please.
Really abort (and waste the scroll)?
Okay, then.
You lose consciousness!
You can move again.
As you read the scroll labeled DYTSAI CAMIGG, it crumbles to dust.
You feel aware of your surroundings.
You sensed 1 altar.
It was a scroll of magic mapping.
As you read the scroll labeled ELAC ZEREKI, it crumbles to dust.
You feel strangely unstable.
It was a scroll of teleportation.
You lose consciousness!
You have starved to death.
You die...

#.# #.# #.# ###########.#
#...........# #...........#
#...........# ******#<..........#
****,,,,*#......@....#
*,,,,,...........###.#
*,**,...########.###.############
,,,,...,*#........##.............
,,,,..,,*#.......................
*,,,.,,,,.........###############
,*,,,,,,,................,,,,,...
_,*,,,,,,.........#######*######.
,*,,,***,.........#########......


There were no monsters in sight!

Vanquished Creatures
  Jessica (D:3)
  A gnoll (D:1)
  An adder (D:2)
  4 dart slugs
  A leopard gecko (D:1)
  A bat (D:2)
  A giant cockroach (D:3)
  4 goblins
  2 hobgoblins
  A ball python (D:1)
  6 frilled lizards (D:1)
  5 kobolds
  5 rats
33 creatures vanquished.

Notes
Turn   | Place    | Note
-------+----------+-------------------------------------------
     0 | D:1      | anonim77778 the Troll Berserker began the quest for the Orb.
     0 | D:1      | Reached XP level 1. HP: 22/22 MP: 0/0
   131 | D:1      | Reached XP level 2. HP: 28/29 MP: 1/1
   430 | D:1      | Reached XP level 3. HP: 36/36 MP: 2/2
   898 | D:2      | Gained mutation: You are frail. (-10% HP) [potion of mutation]
   898 | D:2      | Gained mutation: You expend magic power (3 MP) to strengthen your wands. [potion of mutation]
   898 | D:2      | Lost mutation: You are frail. (-10% HP) [potion of mutation]
   898 | D:2      | Gained mutation: You are robust. (+10% HP) [potion of mutation]
  1106 | D:3      | Noticed Jessica
  1129 | D:3      | Killed Jessica
  1129 | D:3      | Reached XP level 4. HP: 22/48 MP: 3/3
  1837 | D:3      | Paralysed by fainting for 12 turns
  1853 | D:3      | Paralysed by fainting for 7 turns
  1853 | D:3      | Starved to death

Skill      XL: |  1  2  3 |
---------------+----------+-----
Maces & Flails | 3 |  3.6
Dodging        | 3 |  3.1
Fighting       | |  2.8

Action                   |  1- 3 |  4- 6 || total
-------------------------+-------+-------++-------
Melee: Mace              |   102 |    19 ||   121
  Use: Potion            |     5 |     2 ||     7
       Scroll            |       |     5 ||     5
  Eat: Fruit             |     2 |       ||     2
       Bread ration      |     1 |     1 ||     2
       Chunk             |     1 |       ||     1
Armor: Animal skin       |    58 |       ||    58
       Robe              |       |     5 ||     5
Dodge: Dodged            |    91 |     8 ||    99
